 Dungeon Crawl Stone Soup version 0.27.0-1-g7a089689b8 (webtiles) character file.

Game seed: 15232612983200220295

1709 Strat the Basher (level 9, -4/56 HPs)
             Began as a Gargoyle Necromancer on Aug 5, 2021.
             Slain by a skeletal warrior (17 damage)
             ... on level 8 of the Dungeon.
             The game lasted 00:18:09 (7471 turns).

Strat the Basher (Gargoyle Necromancer)             Turns: 7471, Time: 00:18:10

Health: -4/56      AC: 12    Str: 16    XL:     9   Next: 3%
Magic:  12/12      EV: 14    Int: 15    God:
Gold:   162        SH:  0    Dex: 10    Spells: 7/12 levels left

rFire    . . .     SeeInvis .   a - +3 whip (venom)
rCold    . . .     Faith    .   (no shield)
rNeg     + . .     Spirit   .   o - +0 ring mail
rPois    ∞         Reflect  .   (no helmet)
rElec    +         Harm     .   (no cloak)
rCorr    .         Rampage  .   (no gloves)
Will     .....                  (no boots)
Stlth    +.........             w - amulet of regeneration
HPRegen  1.18/turn              p - +4 ring of evasion
MPRegen  0.13/turn              (no ring)

@: no status effects
A: sickness immunity, AC +6, negative energy resistance 1, electricity
resistance, torment resistance 1, petrification resistance
a: no special abilities


You were on level 8 of the Dungeon.
You visited 1 branch of the dungeon, and saw 10 of its levels.
You also visited: Ossuary.

You collected 162 gold pieces.

Inventory:

Hand Weapons
 a - a +3 whip of venom (weapon)
 b - a +0 hunting sling of flaming
 c - a +0 dagger
 h - a +0 whip
 r - a +0 mace
 u - a +0 hunting sling
 v - a +0 flail
Missiles
 f - 69 stones
 i - 2 throwing nets
 n - 2 boomerangs
 q - 72 sling bullets
 x - 14 poisoned darts
Armour
 d - a +0 robe
 o - a +0 ring mail (worn)
 E - a scarf of invisibility
 G - a +0 pair of boots
Jewellery
 k - a ring of ice
 p - a +4 ring of evasion (left hand)
 w - an amulet of regeneration (around neck)
Scrolls
 j - 6 scrolls of identify
 t - a scroll of silence
 y - a scroll of holy word
Potions
 e - 3 potions of heal wounds
 g - a potion of brilliance
 l - 3 potions of mutation
 m - 2 potions of flight
 s - a potion of magic {unknown}
 z - a potion of might {unknown}
 A - 2 potions of degeneration {unknown}
 B - a potion of curing {unknown}
 C - a potion of berserk rage {unknown}


   Skills:
 + Level 6.5 Fighting
 + Level 8.9 Maces & Flails
 - Level 3.0 Armour
 - Level 1.5 Dodging
 - Level 2.1 Stealth
 - Level 2.0 Spellcasting
 - Level 3.2 Necromancy


You had 7 spell levels left.
You knew the following spells:

 Your Spells              Type           Power      Damage    Failure   Level
a - Pain                  Necr           44%        1d6       11%         1
b - Animate Skeleton      Necr           22%        N/A       11%         1
c - Vampiric Draining     Necr           5%         2d6       32%         3

Your spell library contained the following spells:

 Spells                   Type           Power      Damage    Failure   Level
 Ensorcelled Hibernation  Hex/Ice        2%         N/A       52%         2
 Wereblood                Tmut           1%         N/A       52%         2
 Animate Dead             Necr           5%         N/A       71%         4
 Spider Form              Tmut/Pois      0%         N/A       77%         3
 Agony                    Necr           11%        N/A       96%         5
 Fulminant Prism          Conj/Hex       0%         3d6       99%         4
 Iskenderun's Mystic Bla  Conj/Tloc      1%         2d3       99%         4
 Lee's Rapid Deconstruct  Erth           0%         3d5*      100%        5
 Shadow Creatures         Summ           N/A        N/A       100%        6
 Summon Hydra             Summ           0%         N/A       100%        7
 Sublimation of Blood     Necr           Unusable   N/A       N/A         2

Dungeon Overview and Level Annotations

Branches:
Dungeon (10/15)           Ossuary (visited)
 Temple: D:4-7         Lair: D:8-11         Orc: D:9-12

Altars:
The Shining One

Shops:
D:4 [   D:10 [


Innate Abilities, Weirdness & Mutations

You are immune to sickness and miasma.
Your stone body is resilient. (AC +6)
You are immune to poison.
You resist negative energy. (rN+)
You are resistant to electric shocks. (rElec)
You are resistant to unholy torment.
You are immune to petrification.


Message History

The orc dies!
The water moccasin bites you but does no damage.
The water moccasin bites you.
* * * LOW HITPOINT WARNING * * *
Your steam dragon breathes steam at the yak.
The ball of steam misses the howler monkey zombie.
The ball of steam hits the water moccasin!!
The ball of steam hits the yak!!
The skeletal warrior misses you.
The howler monkey zombie is engulfed in a cloud of scalding steam.
You hear an angry buzzing noise.
Found the Papyrus of Enchantment.
The water moccasin is engulfed in a cloud of scalding steam.
The yak is engulfed in a cloud of scalding steam.
The skeletal warrior misses you.
The water moccasin is engulfed in a cloud of scalding steam.
The water moccasin dies!
The howler monkey zombie is engulfed in a cloud of scalding steam.
The yak is engulfed in a cloud of scalding steam.
You feel a bit more experienced.
You hit the skeletal warrior.
The skeletal warrior is lightly damaged.
The skeletal warrior hits you with a +0 hand axe!
* * * LOW HITPOINT WARNING * * *
You hit the skeletal warrior.
The skeletal warrior is lightly damaged.
The skeletal warrior misses you.
The skeletal warrior closely misses something.
You hit the skeletal warrior but do no damage.
The skeletal warrior is lightly damaged.
You hit the skeletal warrior but do no damage.
The skeletal warrior is lightly damaged.
The skeletal warrior hits you with a +0 hand axe!!
* * * LOW HITPOINT WARNING * * *
The skeletal warrior closely misses your steam dragon.
You hit the skeletal warrior but do no damage.
The skeletal warrior is lightly damaged.
Your steam dragon bites the skeletal warrior but does no damage.
Your steam dragon claws the skeletal warrior.
The skeletal warrior hits you with a +0 hand axe!
You die...

#. .. #
.#.# ≈≈≈≈≈
#######..#
#..§YOo..#
#D...o#..#
#z##§§# #
# #:@#§.#
#≈####D.#
#≈......#
#≈.D....#
#≈......#
#≈#T#####
#≈ #≈ #


You could see a skeletal warrior (ally target) and a friendly steam dragon
(summoned).

Vanquished Creatures
  A water moccasin (D:4)
  A centaur (D:6)
  2 necrophages (D:6)
  An ogre (D:5)
  A phantom (D:5)
  2 bullfrogs (D:6)
  An elf zombie (Ossuary)
  A wyvern zombie (D:6)
  A water moccasin zombie (D:5)
  A water moccasin skeleton (D:6)
  A centaur zombie (D:9)
  2 orc priests (D:5)
  A gnoll shaman (D:5)
  2 hounds
  2 human zombies (Ossuary)
  A centaur skeleton (D:5)
  A bullfrog skeleton (D:6)
  3 iguanas
  3 orc wizards
  2 hound zombies (Ossuary)
  2 hound skeletons
  4 mummies (Ossuary)
  8 gnolls
  5 adders
  An ufetubus (D:4)
  4 worms
  2 dart slugs
  6 orcs
  6 ball pythons
  3 endoplasms (D:1)
  8 giant cockroaches
  5 goblins
  5 hobgoblins
  12 jackals
  4 quokkas
  7 bats
  3 frilled lizards
  2 goblin zombies
  2 jackal zombies (Ossuary)
  6 kobolds
  2 kobold zombies (Ossuary)
  An orc zombie (Ossuary)
  A quokka zombie (D:6)
  8 rats
  A rat zombie (Ossuary)
138 creatures vanquished.

Vanquished Creatures (collateral kills)
  A water moccasin (D:8)
  A howler monkey zombie (D:8)
  A white imp (D:8)
  An orc (D:8)
  A hobgoblin (D:1)
5 creatures vanquished.

Vanquished Creatures (others)
  2 plants (D:1)
  5 toadstools (D:1)
7 creatures vanquished.

Grand Total: 150 creatures vanquished

Notes
Turn   | Place    | Note
-------+----------+-------------------------------------------
     0 | D:1      | Strat the Gargoyle Necromancer began the quest for the Orb.
     0 | D:1      | Reached XP level 1. HP: 10/10 MP: 3/3
    52 | D:1      | Reached skill level 1 in Fighting
   375 | D:2      | Found a faded altar of an unknown god.
   400 | D:2      | Reached XP level 2. HP: 15/17 MP: 1/5
   703 | D:2      | Reached skill level 1 in Maces & Flails
   806 | D:2      | Reached XP level 3. HP: 18/21 MP: 2/6
   900 | D:1      | Reached skill level 2 in Maces & Flails
  1186 | D:1      | Learned a level 1 spell: Animate Skeleton
  1792 | D:1      | Reached XP level 4. HP: 26/26 MP: 7/7
  2022 | D:1      | Reached skill level 3 in Maces & Flails
  2997 | D:3      | Reached XP level 5. HP: 29/30 MP: 8/8
  3119 | D:3      | Reached skill level 4 in Maces & Flails
  3416 | D:4      | Noticed a water moccasin
  3722 | D:4      | Found Yguos's Antique Armour Shoppe.
  3846 | D:4      | Killed a water moccasin
  3847 | D:4      | Reached skill level 5 in Maces & Flails
  3847 | D:4      | Reached skill level 1 in Armour
  3847 | D:4      | Reached XP level 6. HP: 29/36 MP: 9/9
  4304 | D:5      | Entered Level 5 of the Dungeon
  4495 | D:5      | Reached XP level 7. HP: 41/41 MP: 10/10
  4571 | D:5      | Learned a level 3 spell: Vampiric Draining
  4878 | D:5      | Reached skill level 6 in Maces & Flails
  5697 | D:6      | Found a sand-covered staircase.
  5742 | Ossuary  | Entered an ossuary
  5770 | Ossuary  | Reached skill level 7 in Maces & Flails
  5808 | Ossuary  | Reached XP level 8. HP: 46/48 MP: 11/11
  6350 | D:6      | Reached skill level 8 in Maces & Flails
  6359 | D:6      | Reached skill level 5 in Fighting
  6692 | D:6      | Found a glowing golden altar of the Shining One.
  7176 | D:7      | Noticed a two-headed ogre
  7213 | D:7      | You fall into a shaft and drop 3 floors!
  7213 | D:10     | Entered Level 10 of the Dungeon
  7218 | D:10     | Noticed a yak
  7219 | D:10     | Noticed a yak
  7219 | D:10     | Noticed a yak
  7275 | D:10     | Found Qoczuquk's Armour Emporium.
  7283 | D:10     | Noticed a two-headed ogre
  7300 | D:10     | Noticed a yak
  7301 | D:10     | Noticed a yak
  7301 | D:10     | Noticed a yak
  7380 | D:10     | Noticed a troll
  7444 | D:9      | Noticed a hornet
  7455 | D:8      | Reached XP level 9. HP: 26/56 MP: 12/12
  7456 | D:8      | Noticed a skeletal warrior
  7462 | D:8      | Noticed a two-headed ogre
  7471 | D:8      | Slain by a skeletal warrior

Illustrated notes

Levels and vault maps discovered:
D:1:      ldierk_walled_garden, layout_rooms, serial_curves, eino_curves_02,
          eino_curves_01, nrook_mini_vaults
D:2:      layout_basic, shapermc_ecumenical_altar_totnotflames,
          minmay_close_crescents
D:3:      layout_rooms
D:4:      layout_loops_cross, minmay_shop_grid_forest
D:5:      layout_basic
D:6:      layout_loops_corners, mainiacjoe_overflow_tiny_flanked,
          enter_ossuary_4
D:7:      layout_basic, minmay_temple_entry_antechambers,
          minmay_misc_feat_diagonals, minmay_small_thing
D:8:      cheibrodos_ideogram_h, layout_basic, minmay_misc_feat_chi
D:9:      layout_cave_pools, david_lair_generic
D:10:     layout_cave_pools, serial_shops, nicolae_stop_n_shop_2,
          kennysheep_doodads

Skill      XL: |  1  2  3  4  5  6  7  8 |
---------------+-------------------------+-----
Fighting       | 1 2 3 4 6 |  6.5
Maces & Flails | 1 2 3 5 7 8 |  8.9
Armour         | 1 2 3 |  3.0
Dodging        | |  1.5
Stealth        | |  2.1
Spellcasting   | |  2.0
Necromancy     | |  3.2

Action                   |  1- 3 |  4- 6 |  7- 9 || total
-------------------------+-------+-------+-------++-------
Melee: Unarmed           |     2 |       |       ||     2
       Whip              |    15 |    86 |   286 ||   387
       Mace              |    60 |   103 |       ||   163
 Fire: Hunting sling     |       |    42 |    25 ||    67
 Cast: Pain              |    26 |     5 |       ||    31
       Animate Skeleton  |     6 |     1 |     1 ||     8
  Use: Scroll            |       |    12 |     4 ||    16
 Stab: Sleeping          |     2 |       |       ||     2
Armor: Robe              |    39 |       |       ||    39
       Ring mail         |       |    84 |   105 ||   189
Dodge: Dodged            |    62 |   145 |   205 ||   412
